 Dungeon Crawl Stone Soup version 0.31-a0-115-g4708a659fe (webtiles) character file.

Game seed: 7014159241893630743

1134 Chodeload the Conjurer (level 8, -2/44 (46) HPs)
             Began as an Octopode Wanderer on May 29, 2023.
             Was a Follower of Vehumet.
             Slain by a wight
             ... wielding a +3 spear of freezing
              (3 damage)
             ... on level 8 of the Dungeon.
             The game lasted 00:24:02 (6249 turns).

Chodeload the Conjurer (Octopode Wanderer)          Turns: 6249, Time: 00:24:03

HP:   -2/44 (46)    AC:  3    Str: 10    XL:     8   Next: 36%
MP:   11/11         EV: 12    Int: 19    God:    Vehumet [*.....]
Gold: 299           SH:  7    Dex: 10    Spells: 6/11 levels left

rFire   . . .        a - +0 whip (drain)
rCold   . . .        h - +3 warlock's mirror {omnireflect}
rNeg    . . .        c - +2 hat
rPois   .            (no amulet)
rElec   .            (no ring)
rCorr   .            (no ring)
SInv    .            (no ring)
Will    .....        (no ring)
Stlth   +++          (no ring)
HPRegen 0.27/turn    (no ring)
MPRegen 0.12/turn    (no ring)
                     (no ring)

%: reflection
@: lightly drained
A: almost no armour, amphibious, 8 rings, camouflage 1, gelatinous body 1,
(nimble swimmer 1), tentacles
a: Renounce Religion


You were on level 8 of the Dungeon.
You worshipped Vehumet.
Vehumet was aware of your devotion.
You visited 1 branch of the dungeon, and saw 9 of its levels.
You also visited: Sewer.

You collected 299 gold pieces.

Inventory:

Hand Weapons
 a - a +0 whip of draining (weapon)
 b - a +0 sling
 v - a +3 whip
Missiles
 y - 6 poisoned darts (quivered)
Armour
 c - a +2 hat (worn)
 h - the +3 warlock's mirror (worn) {omnireflect}
   (You acquired it on level 4 of the Dungeon)

   Omnireflect: It can block and reflect piercing ranged attacks and magical
   attacks against the wielder's willpower.
Wands
 w - a wand of digging (5)
Scrolls
 e - 2 scrolls of teleportation
 f - a scroll of immolation {unknown}
 g - a scroll of vulnerability
 i - a scroll of blinking {unknown}
 k - 2 scrolls of amnesia
 m - a scroll of torment
 q - 2 scrolls of fear
 u - a scroll of summoning {unknown}
 x - a scroll of noise {unknown}
Potions
 d - a potion of haste {unknown}
 j - a potion of curing {unknown}
 l - a potion of attraction {unknown}
 n - 3 potions of enlightenment
 o - a potion of brilliance {unknown}
 p - a potion of resistance {unknown}
 r - a potion of invisibility {unknown}
 s - 2 potions of heal wounds {unknown}
 t - 2 potions of might {unknown}


   Skills:
 - Level 1.0 Dodging
 - Level 3.2 Stealth
 - Level 4.0 Shields
 - Level 2.0 Spellcasting
 + Level 6.7 Conjurations
 - Level 1.0 Necromancy
 - Level 1.0 Transmutations
 + Level 4.0 Fire Magic
 - Level 4.0 Poison Magic
 - Level 2.1 Evocations


You had 6 spell levels left.
You knew the following spells:

 Your Spells              Type           Power      Damage    Failure   Level
a - Sting                 Tmut/Pois      44%        1d5       9%          1
b - Searing Ray           Conj           54%        2d6       2%          2
c - Magic Dart            Conj           100%       1d8       1%          1
d - Foxfire               Conj/Fire      88%        2x1d8     2%          1

Your spell library contained the following spells:

 Spells                   Type           Power      Damage    Failure   Level
 Shock                    Conj/Air       56%        1d6       6%          1
 Necrotise                Necr           20%        1d5       16%         1
 Poisonous Vapours        Pois/Air       18%        N/A       16%         2
 Cigotuvi's Dreadful Rot  Necr/Pois/Air  16%        N/A       19%         2
 Dazzling Flash           Conj/Hex       28%        N/A       19%         3
 Ignite Poison            Fire/Tmut/Pois 13%        N/A       21%         3
 Summon Small Mammal      Summ           4%         N/A       24%         1
 Spider Form              Tmut/Pois      11%        N/A       26%         3
 Volatile Blastmotes      Fire/Tloc      18%        2d11      30%         3
 Vampiric Draining        Necr           5%         2d6       43%         3
 Fulminant Prism          Conj/Hex       7%         3d7       52%         4
 Iskenderun's Mystic Bla  Conj/Tloc      14%        2d5       52%         4
 Freezing Cloud           Conj/Ice/Air   5%         6-21      95%         5
 Starburst                Conj/Fire      11%        6d5       99%         6
 Silence                  Hex/Air        0%         N/A       100%        5
 Conjure Ball Lightning   Conj/Air       7%         3x3d6     100%        6
 Discord                  Hex            0%         N/A       100%        8
 Disjunction              Tloc           0%         N/A       100%        8
 Dragon's Call            Summ           0%         N/A       100%        9


Dungeon Overview and Level Annotations

Branches:
Dungeon (9/15)              Sewer (visited)
 Temple: D:4-7         Lair: D:8-11         Orc: D:9-12

Altars:
Dithmenos
Fedhas
Hepliaklqana
Kikubaaqudgha
Okawaru
Trog
Uskayaw
Vehumet
Wu Jian

Shops:
D:6 *

Annotations:
D:4 exclusion: downstairs
D:6 exclusion: downstairs
D:7 Maggie
D:9 exclusion: upstairs


Innate Abilities, Weirdness & Mutations

You cannot wear most types of armour.
You are amphibious.
You can wear up to eight rings at the same time.
Your skin changes colour to match your surroundings (Stealth+).
Your rubbery body absorbs attacks. (AC +1, EV +1)
((You are camouflaged when in or above water. (Stealth+)))
You have tentacles for arms and can constrict up to eight enemies at once.


Message History

Found a stone staircase leading up.
There is a stone staircase leading up here.
You climb upwards.
Found a scroll of identify, 7 gold pieces and a dark potion.
Found a shadowy altar of Dithmenos.
There is a stone staircase leading down here.
A wight comes into view. It is wielding a +3 trident.
A wight comes into view. It is wielding a +0 dire flail.
A wight comes into view. It is wielding a +3 spear of freezing.
Found 9 stones.
The centaur shouts!
You block the centaur's attack. The centaur closely misses you.
An ice beast comes into view.
A wight comes into view. It is wielding a +0 halberd.
You hit the centaur but do no damage. The centaur hits you.
The centaur barely misses you. x2; The centaur kicks you.
You hit the centaur. You drain the centaur.
You squeeze the centaur, but do no damage.
The centaur is moderately wounded.
You block the centaur's attack. x2; The centaur hits you.
The centaur kicks you but does no damage.
The centaur attacks as you move away!
The centaur hits you but does no damage.
The centaur misses you. The centaur attacks as you move away!
The centaur hits you but does no damage.
The centaur kicks you but does no damage.
The centaur wields a +0 orcbow.
The centaur shoots an arrow.
The arrow barely misses you.
The wight hits you from afar with a +3 spear of freezing!
You feel drained. The wight freezes you.
The centaur shoots an arrow.
The arrow hits you.
The centaur shoots an arrow.
The arrow completely misses you.
There is a stone staircase leading down here.
The centaur shoots an arrow.
The arrow hits you.
* * * LOW HITPOINT WARNING * * *
The wight hits you from afar with a +3 spear of freezing!
* * * LOW HITPOINT WARNING * * *
The wight freezes you.
You die...

....# .... ...
###.#
..###...####.#
#....z.c.....#
##(#z....###.#
#.z.#Yz...###...
.......$.@.?...#
≈≈≈≈≈≈≈..........
................!
≈.≈≈≈.≈..........
≈.....≈...##.....
≈.._..≈.#.. #....
...~≈~≈
.....≈..#. ....
.~~~≈≈≈ ≈≈≈.≈.. .
... ...~≈~~
.....~~


You could see an ice beast, a centaur (drained) and 4 wights.

Vanquished Creatures
  Sigmund (D:3)
  A black bear (D:6)
  An ogre (D:5)
  A kobold brigand (D:9)
  5 scorpions (D:5)
  2 hounds
  An orc priest (D:6)
  3 iguanas
  3 orc wizards
  A hell rat (Sewer)
  4 gnolls (D:4)
  3 adders
  A river rat (Sewer)
  2 white imps
  An ufetubus (D:5)
  A dart slug (D:3)
  14 orcs
  6 ball pythons
  7 bats
  7 endoplasms
  5 giant cockroaches
  4 goblins
  7 hobgoblins
  7 kobolds
  7 quokkas
  A frilled lizard (D:3)
  13 rats
109 creatures vanquished.

Vanquished Creatures (others)
  57 foxfires
57 creatures vanquished.

Grand Total: 166 creatures vanquished

Notes
Turn   | Place    | Note
-------+----------+-------------------------------------------
     0 | D:1      | Chodeload the Octopode Wanderer began the quest for the
                  | Orb.
     0 | D:1      | Chodeload set off with the following items: a +0 club, a
                  | scroll of vulnerability, a +0 hat; and the following spells
                  | available to memorise: Sting, Necrotise, Spider Form,
                  | Ignite Poison, Vampiric Draining.
     0 | D:1      | Reached XP level 1. HP: 11/11 MP: 2/2
     2 | D:1      | Learned a level 1 spell: Sting
   110 | D:1      | Reached XP level 2. HP: 14/17 MP: 1/3
   113 | D:1      | Learned a level 2 spell: Searing Ray
   421 | D:1      | Got the Codex of Nephomancy and Command
   480 | D:1      | Reached skill level 1 in Transmutations
   480 | D:1      | Reached XP level 3. HP: 7/21 MP: 3/5
  1022 | D:2      | Reached skill level 1 in Conjurations
  1875 | D:3      | Found a hazy altar of Hepliaklqana.
  1927 | D:3      | Reached XP level 4. HP: 27/27 MP: 4/7
  1999 | D:3      | Found an iron altar of Okawaru.
  2015 | D:3      | Reached skill level 2 in Conjurations
  2119 | D:3      | Noticed Sigmund
  2487 | D:4      | Found a radiant altar of Vehumet.
  2495 | D:4      | Became a worshipper of Vehumet
  2566 | D:4      | Found a blossoming altar of Fedhas.
  2695 | D:4      | Reached skill level 3 in Conjurations
  2699 | D:4      | Reached XP level 5. HP: 21/31 MP: 3/8
  2840 | D:4      | Identified a scroll of acquirement
  2841 | D:4      | Acquired the +3 warlock's mirror {omnireflect}
  2841 | D:4      | Found the +3 warlock's mirror {omnireflect}
  2933 | D:4      | Found a bloodstained altar of Trog.
  3146 | D:4      | Reached skill level 1 in Shields
  3345 | D:5      | Entered Level 5 of the Dungeon
  3518 | D:5      | Reached skill level 4 in Conjurations
  3518 | D:5      | Reached XP level 6. HP: 7/36 MP: 2/9
  3660 | D:5      | Found an ornate altar of the Wu Jian Council.
  4274 | D:6      | Noticed a water moccasin
  4279 | D:6      | Found a glowing drain.
  4322 | Sewer    | Entered a sewer
  4354 | Sewer    | Reached XP level 7. HP: 32/41 MP: 10/10
  4401 | Sewer    | Learned a level 1 spell: Magic Dart
  4420 | Sewer    | Reached skill level 5 in Conjurations
  4496 | D:6      | Found Kana's Assorted Antiques.
  4592 | D:6      | Reached * piety under Vehumet
  4592 | D:6      | Offered knowledge of Foxfire by Vehumet.
  4623 | D:6      | Learned a level 1 spell: Foxfire
  4891 | D:7      | Noticed Maggie
  4948 | D:5      | Reached skill level 1 in Fire Magic
  5093 | D:5      | Found a hide-covered altar of Uskayaw.
  5506 | D:5      | Reached skill level 6 in Conjurations
  5506 | D:5      | Reached XP level 8. HP: 46/46 MP: 3/11
  5668 | D:3      | Killed Sigmund
  5771 | D:3      | Found an ancient bone altar of Kikubaaqudgha.
  5965 | D:6      | You fall into a shaft and drop 3 floors!
  6119 | D:8      | Noticed a troll
  6240 | D:8      | Found a shadowy altar of Dithmenos.
  6249 | D:8      | HP: 1/44 [wight/+3 spear of freezing (11)]
  6249 | D:8      | Slain by a wight

Illustrated notes

Levels and vault maps discovered:
D:1:      lemuel_arrival_broad_hall, layout_rooms, moated_statue
D:2:      layout_basic
D:3:      layout_rooms, overflow_temple_1_default, okawaru_trees_2,
          worldfamousw_hep_ancestral_shrine, grunt_ministairs_2,
          dreamdust_princess_corridor, uniq_sigmund
D:4:      layout_basic, fedhas_altar_2, vehumet_crystals,
          trog_three_pillars_becter, corner_web_ring, chequers_big_river
D:5:      layout_loops_cross, nzn_wu_jian_council_hall, nicolae_uskayaw_suspiria
D:6:      layout_loops_ring, temple_fountains, portal_sewer_entry_f,
          serial_shops, nicolae_stop_n_shop_2, nicolae_shop_overcharged_wands
D:7:      old_forge, layout_loops_ring, nicolae_overflow_crystal_walls,
          serial_shops, shop, nicolae_shop_scrapyard, uniq_maggie
D:8:      layout_cave_pools, mainiacjoe_overflow_cross_hatched,
          erik_lair_island, serial_co_window_serial, co_window_corner_a,
          co_window_paths_b, co_window_corner_a, co_window_paths_b,
          co_window_of_opportunity_a, co_window_broadway_c,
          co_window_broadway_c, co_window_corner_b, glass_columns_b
D:9:      layout_basic, jmf_multi_god_temple, nicolae_kite_square_tiling_tiny

Skill      XL: |  1  2  3  4  5  6  7  8 |
---------------+-------------------------+-----
Stealth        | 3 |  3.2
Transmutations | 1 |  1.0
Poison Magic   | 4 |  4.0
Conjurations   | 1 3 4 6 |  6.7
Spellcasting   | 2 |  2.0
Shields        | 2 3 4 |  4.0
Fire Magic     | 2 4 |  4.0
Dodging        | |  1.0
Necromancy     | |  1.0
Evocations     | |  2.1

Action                     |  1- 3 |  4- 6 |  7- 9 || total
---------------------------+-------+-------+-------++-------
  Melee: Club              |    11 |       |       ||    11
         Tentacles         |    11 |     9 |     3 ||    23
         Constrict         |    11 |    13 |     2 ||    26
         Whip              |    13 |    60 |    17 ||    90
         Mace              |    39 |     5 |       ||    44
         Punch             |     1 |     1 |       ||     2
   Fire: Sling             |       |     4 |       ||     4
   Cast: Sting             |    31 |    29 |    12 ||    72
         Searing Ray       |       |    11 |     7 ||    18
         Magic Dart        |       |       |    19 ||    19
         Foxfire           |       |       |    34 ||    34
    Use: Scroll            |     1 |     8 |     2 ||    11
   Stab: Sleeping          |    10 |    10 |     1 ||    21
 Armour: Skin              |    15 |     8 |     8 ||    31
  Dodge: Dodged            |    50 |    36 |    19 ||   105
  Block: Buckler           |       |    17 |    19 ||    36
         Reflection        |       |     1 |     2 ||     3

Table legend: (Time is in decaauts)
 A = Elapsed time spent in this place.
 B = Non-inter-level travel time spent in this place.
 C = Inter-level travel time spent in this place.
 D = Time resting spent in this place.
 E = Time spent auto-exploring this place.
 F = Levels seen in this place.
 G = Mean time per level.
                   A        B        C        D        E       F      G
               +--------+--------+--------+--------+--------+-----+--------+
         Total |   6291 |   5554 |    737 |   1318 |   1784 |  10 |  629.1 |
       Dungeon |   6138 |   5401 |    737 |   1254 |   1784 |   9 |  682.0 |
         Sewer |    152 |    152 |      0 |     64 |      0 |   1 |  152.0 |
               +--------+--------+--------+--------+--------+-----+--------+

Top non-repeatable levels by time:
     D:4: 1700 daAuts
     D:5: 1237 daAuts
     D:2: 922 daAuts
     D:1: 792 daAuts
     D:3: 650 daAuts
     D:6: 548 daAuts
     D:9: 267 daAuts
   Sewer: 152 daAuts
     D:8: 16 daAuts
     D:7: 1 daAuts
